 Dungeon Crawl Stone Soup version 0.20.1-1-g8b1a95d (webtiles) character file.

134 polve the Firebug (level 5, -2/31 HPs)
             Began as an Octopode Fire Elementalist on Aug 12, 2017.
             Slain by Natasha (8 damage)
             ... on level 3 of the Dungeon.
             The game lasted 00:02:00 (2518 turns).

polve the Firebug (Octopode Fire Elementalist)      Turns: 2518, Time: 00:02:01

Health: -2/31      AC:  1    Str:  7    XL:     5   Next: 17%
Magic:  3/8        EV: 13    Int: 18    God:
Gold:   76         SH:  0    Dex: 13    Spells: 7/8 levels left

rFire    . . .     SeeInvis .   m - +2 dagger (drain)
rCold    . . .     Gourm    .   (no shield)
rNeg     . . .     Faith    .   (helmet restricted)
rPois    .         Spirit   .   (no amulet)
rElec    .         Reflect  .   (no ring)
rCorr    .         Harm     .   (no ring)
MR       .....                  (no ring)
Stlth    +++.......             (no ring)
Regen    0.1/turn               (no ring)
MPRegen  0.2/turn               (no ring)
                                (no ring)
                                (no ring)

@: slowed, drained, very slow
A: almost no armour, stealthy swim, amphibious, 8 rings, constrict 8, camouflage
1, gelatinous body 1
a: no special abilities


You were on level 3 of the Dungeon.
You were not hungry.

You visited 1 branch of the dungeon, and saw 3 of its levels.

You collected 76 gold pieces.

Inventory:

Hand Weapons
 m - a +2 dagger of draining (weapon)
Wands
 l - a wand of random effects (12/48)
Scrolls
 e - 3 scrolls of identify {unknown}
 h - 2 scrolls of enchant armour {unknown}
 k - a scroll of fog {unknown}
 o - a scroll of blinking {unknown}
Potions
 d - a potion of flight {unknown}
 f - 2 potions of mutation {unknown}
 i - a potion of haste {unknown}
 n - a potion of degeneration {unknown}
 p - a potion of brilliance {unknown}
Books
 a - a book of Flames

   Spells                             Type                      Level
   a - Flame Tongue                   Conjuration/Fire             1
   b - Throw Flame                    Conjuration/Fire             2
   c - Conjure Flame                  Conjuration/Fire             3
   d - Inner Flame                    Hexes/Fire                   3
   e - Sticky Flame                   Conjuration/Fire             4
   f - Fireball                       Conjuration/Fire             5
Comestibles
 b - 3 bread rations
 c - 6 chunks of flesh
 g - 3 fruits
 j - 2 royal jellies


   Skills:
 - Level 2.0(1.9) Dodging
 - Level 2.6 Stealth
 - Level 2.0(1.9) Spellcasting
 + Level 3.3(3.2) Conjurations
 + Level 4.6(4.5) Fire Magic


You had 7 spell levels left.
You knew the following spells:

 Your Spells              Type           Power        Failure   Level  Hunger
a - Flame Tongue          Conj/Fire      ###..        3%          1    #......


Dungeon Overview and Level Annotations

Branches:
Dungeon (3/15)

Altars:
Kikubaaqudgha
Xom

Annotations:
D:3 Ijyb, Natasha


Innate Abilities, Weirdness & Mutations

You cannot wear most types of armour.
You are very stealthy in the water. (Stealth+)
You are amphibious.
You can wear up to eight rings at the same time.
You can use your tentacles to constrict eight enemies at once.
Your skin changes colour to match your surroundings (Stealth+).
Your rubbery body absorbs attacks. (AC +1, EV +1)


Message History

Natasha is heavily wounded.
Natasha barely misses you. Natasha claws you!
* * * LOW HITPOINT WARNING * * *
Casting: Flame Tongue
Confirm with . or Enter, or press ? or * to list all spells.
Aiming: Flame Tongue
Press: ? - help, Shift-Dir - straight line, f/p - Natasha
Aim: Natasha (heavily wounded)
The flame tongue misses Natasha.
Natasha stares at you and mumbles some strange words.
You feel as though you will be slow longer.
Casting: Flame Tongue
Confirm with . or Enter, or press ? or * to list all spells.
Aiming: Flame Tongue
Press: ? - help, Shift-Dir - straight line, f/p - Natasha
Aim: Natasha (heavily wounded)
The flame tongue misses Natasha.
Natasha claws you.
* * * LOW HITPOINT WARNING * * *
Natasha claws you!
You die...

..... #...........#
..... #.>)........###
..o..##.............#
...goK'.K(.......##.# #
..o.o##..5.......##.#.#
#oh...h.##)####.#.#
#K#####(##.....<..# #.#
#K#######)..# ...
#ooK5h@.....# .8..
##########..# .8_8..
.... ...8..$ ##..#
#........ .... #....
....


You could see Natasha, a white imp, 2 orcs and 2 kobolds.

Vanquished Creatures
  Jessica (D:3)
  A worker ant (D:3)
  2 adders (D:2)
  2 worms (D:2)
  A dart slug (D:1)
  A leopard gecko (D:2)
  5 giant cockroaches
  6 goblins
  7 hobgoblins
  7 jackals
  3 kobolds
  3 quokkas (D:2)
  8 bats
  4 frilled lizards
  5 rats (D:1)
56 creatures vanquished.

Notes
Turn   | Place    | Note
-------+----------+-------------------------------------------
     0 | D:1      | polve the Octopode Fire Elementalist began the quest for the Orb.
     0 | D:1      | Reached XP level 1. HP: 11/11 MP: 3/3
   131 | D:1      | Reached XP level 2. HP: 17/17 MP: 5/5
   682 | D:1      | Reached XP level 3. HP: 6/21 MP: 6/6
  1505 | D:2      | Reached skill level 4 in Fire Magic
  1593 | D:2      | Found a shimmering altar of Xom.
  1619 | D:2      | Reached XP level 4. HP: 9/27 MP: 0/7
  1948 | D:2      | Found an ancient bone altar of Kikubaaqudgha.
  2395 | D:3      | Noticed Jessica
  2440 | D:3      | Killed Jessica
  2440 | D:3      | Reached XP level 5. HP: 31/31 MP: 3/8
  2500 | D:3      | Found a faded altar of an unknown god.
  2500 | D:3      | Noticed Natasha
  2501 | D:3      | Noticed Ijyb
  2518 | D:3      | Slain by Natasha

Skill      XL: |  1  2  3  4 |
---------------+-------------+-----
Conjurations   | 2 3 |  3.3
Fire Magic     | 4 |  4.6
Dodging        | |  2.0
Stealth        | |  2.6
Spellcasting   | |  2.0

Action                   |  1- 3 |  4- 6 || total
-------------------------+-------+-------++-------
Melee: Unarmed           |   113 |     3 ||   116
       Constrict         |    30 |     5 ||    35
       Tentacles         |    22 |     2 ||    24
       Dagger            |       |    21 ||    21
 Cast: Flame Tongue      |    10 |    15 ||    25
  Use: Potion            |     1 |       ||     1
 Stab: Sleeping          |     8 |     4 ||    12
       Distracted        |     1 |       ||     1
  Eat: Chunk             |     2 |     3 ||     5
Armor: Skin              |    12 |       ||    12
Dodge: Dodged            |    77 |    13 ||    90
